 Dungeon Crawl Stone Soup version 0.21.0 (webtiles) character file.

118 Auros the Poker (level 4, 0/40 HPs)
             Began as a Draconian Berserker on Mar 9, 2018.
             Was a Believer of Trog.
             Slain by Terence
             ... wielding a +0 trident
              (5 damage)
             ... on level 3 of the Dungeon.
             The game lasted 00:17:10 (1660 turns).

Auros the Poker (Draconian Berserker)               Turns: 1660, Time: 00:17:10

Health: 0/40       AC:  5    Str: 19    XL:     4   Next: 72%
Magic:  4/4        EV: 13    Int:  7    God:    Trog [**....]
Gold:   139        SH:  0    Dex: 12    Spells: 3/3 levels left

rFire    . . .     SeeInvis .   a - +0 spear
rCold    . . .     Gourm    .   (no shield)
rNeg     . . .     Faith    .   (armour unavailable)
rPois    .         Spirit   .   (helmet restricted)
rElec    .         Reflect  .   (no cloak)
rCorr    .         Harm     .   (no gloves)
MR       .....     Rnd*Tele +   (no boots)
Stlth    ++........             (no amulet)
HPRegen  0.13/turn              g - ring of teleportation
MPRegen  0.09/turn              (no ring)

@: very slightly contaminated
A: unfitting armour, cold-blooded, AC +5
a: Berserk, Trog's Hand, Burn Spellbooks, Renounce Religion


You were on level 3 of the Dungeon.
You worshipped Trog.
Trog was pleased with you.
You were not hungry.

You visited 1 branch of the dungeon, and saw 3 of its levels.

You collected 139 gold pieces.

Inventory:

Hand Weapons
 a - a +0 spear (weapon)
 l - a +0 hunting sling
Missiles
 m - 61 stones (quivered)
Jewellery
 g - a ring of teleportation (left hand)
Scrolls
 d - 3 scrolls of identify
 j - 2 scrolls of magic mapping
Potions
 c - 3 potions of curing
 e - 2 potions of resistance {unknown}
 f - 2 potions of might {unknown}
 n - a potion of berserk rage {unknown}
 o - a potion of magic {unknown}
 p - a potion of haste
 q - a potion of brilliance {unknown}
Comestibles
 b - 6 rations


   Skills:
 + Level 3.9 Fighting
 + Level 4.3 Polearms
 + Level 3.4 Dodging
 + Level 0.9 Stealth


You had 3 spell levels left.
You didn't know any spells.

Dungeon Overview and Level Annotations

Branches:
Dungeon (3/15)

Altars:
Nemelex Xobeh

Annotations:
D:3 Terence


Innate Abilities, Weirdness & Mutations

Your plain brown scales are hard. (AC +5)
You cannot fit into any form of body armour.
You are cold-blooded and may be slowed by cold attacks.


Message History

Terence closely misses you.
You hit Terence.
Terence is lightly wounded.
Terence closely misses you.
You hit Terence.
Terence is lightly wounded.
Terence barely misses you. Terence hits you with a trident.
You hit Terence but do no damage.
Terence is lightly wounded.
Terence hits you with a trident!
You hit Terence.
Terence is moderately wounded.
Terence asks, "Do you want it fast or slow?"
Terence hits you with a trident. Terence closely misses you.
Terence hits you from afar with a trident!
* * * LOW HITPOINT WARNING * * *
Terence barely misses you.
Terence hits you from afar with a trident.
You die...

###.# #.# *,***,***,
#.# #.# *.# **,*,,
#.# #.# *.# **,** #.#
#.# *.# *,* #.# #.#
*.# *,* #.# #.# *.#
*,* #.# #.# *.# *,*
#.###.######.#####.*#
#...@.@.r.........#,.
##################.,#
**,. **#


You could see Terence and a rat.

Vanquished Creatures
  5 adders
  An ooze (D:2)
  A worm (D:2)
  3 dart slugs (D:1)
  A leopard gecko (D:2)
  2 ball pythons
  7 giant cockroaches
  10 goblins
  4 hobgoblins (D:1)
  A jackal (D:1)
  A quokka (D:3)
  6 bats
  3 frilled lizards
  4 kobolds
  11 rats
60 creatures vanquished.

Notes
Turn   | Place    | Note
-------+----------+-------------------------------------------
     0 | D:1      | Auros the Draconian Berserker began the quest for the Orb.
     0 | D:1      | Reached XP level 1. HP: 19/19 MP: 1/1
    97 | D:1      | Reached XP level 2. HP: 24/26 MP: 2/2
   446 | D:1      | Reached XP level 3. HP: 30/31 MP: 3/3
   560 | D:1      | Reached ** piety under Trog
   974 | D:2      | Found a sparkling altar of Nemelex Xobeh.
  1101 | D:2      | Reached skill level 4 in Polearms
  1207 | D:2      | Reached XP level 4. HP: 39/40 MP: 4/4
  1629 | D:3      | Noticed Terence
  1660 | D:3      | Slain by Terence

Skill      XL: |  1  2  3 |
---------------+----------+-----
Dodging        | 3 |  3.4
Polearms       | 4 |  4.3
Fighting       | |  3.9
Stealth        | |  0.9

Action                   |  1- 3 |  4- 6 || total
-------------------------+-------+-------++-------
Melee: Spear             |   142 |    61 ||   203
       Tailslap          |    20 |     6 ||    26
  Use: Scroll            |       |     8 ||     8
 Stab: Sleeping          |     2 |       ||     2
  Eat: Ration            |     1 |       ||     1
Armor: Skin              |    33 |    19 ||    52
Dodge: Dodged            |    85 |    59 ||   144
